MLB
LOS ANGELES DODGERS @ ST. LOUIS CARDINALS
07/25/2045
 
TOP OF THE 1ST
Los Angeles Dodgers batting - Pitching for St. Louis Cardinals : RHP Doug Nickey
Pitching: RHP Doug Nickey
Batting: RHB Nate Taylor 0-0: Ball
1-0: Ball
2-0: Foul Ball, location: 2F
2-1: Swinging Strike
2-2: Strikes out looking
Batting: LHB Chris Ringwood 0-0: Called Strike
0-1: Ball
1-1: Swinging Strike
1-2: Ball
2-2: Foul Ball, location: 2F
2-2: Foul Ball, location: 2F
2-2: Foul Ball, location: 2F
2-2: Foul Ball, location: 2F
2-2: Foul Ball, location: 2F
2-2: SINGLE (Groundball, 34D, EV 100.6 MPH)
Batting: LHB Lirak Bazhunaishvili 0-0: Fly out, F5 (Line Drive, 5, EV 68.1 MPH)
Batting: SHB Joel Baker 0-0: Ball
1-0: Called Strike
1-1: Called Strike
1-2: Strikes out looking
Top of the 1st over - 0 runs, 1 hit, 0 errors, 1 left on base; Los Angeles 0 - St. Louis 0
BOTTOM OF THE 1ST
St. Louis Cardinals batting - Pitching for Los Angeles Dodgers : RHP Jon Harris
Pitching: RHP Jon Harris
Batting: LHB Tom Butterbaugh 0-0: Called Strike
0-1: Ball
1-1: Ball
2-1: Ball
3-1: Base on Balls
Batting: LHB Frank Hill 0-0: Called Strike
0-1: Ball
1-1: Ball
2-1: Ball
3-1: Foul Ball, location: 2F
3-2: Strikes out swinging
Tom Butterbaugh is caught stealing 2nd base 2-6
Batter strikes out.
Batting: SHB Antoine Roux 0-0: Ball
1-0: Ball
2-0: Foul Ball, location: 2F
2-1: Fly out, F7 (Flyball, 7LD, EV 101.9 MPH)
Bottom of the 1st over - 0 runs, 0 hits, 0 errors, 0 left on base; Los Angeles 0 - St. Louis 0
TOP OF THE 2ND
Los Angeles Dodgers batting - Pitching for St. Louis Cardinals : RHP Doug Nickey
Batting: RHB Clay Buchanan 0-0: Ball
1-0: Ball
2-0: Ball
3-0: Base on Balls
Batting: RHB Danny Dyer 0-0: Called Strike
0-1: Ball
1-1: Ball
2-1: Fly out, F8 (Flyball, 8LXD, EV 86.9 MPH)
Runner from 1st tags up, SAFE at 2nd
Batting: RHB Tsutomu Irie 0-0: Fly out, F6 (Line Drive, 6, EV 68.8 MPH)
Batting: RHB Ben Mischnick 0-0: Swinging Strike
0-1: Ball
1-1: Ball
2-1: Swinging Strike
2-2: Ball
3-2: Foul Ball, location: 2F
3-2: Fly out, F8 (Line Drive, 8RM, EV 105.6 MPH)
Top of the 2nd over - 0 runs, 0 hits, 0 errors, 1 left on base; Los Angeles 0 - St. Louis 0
BOTTOM OF THE 2ND
St. Louis Cardinals batting - Pitching for Los Angeles Dodgers : RHP Jon Harris
Batting: SHB Billy Durham 0-0: Called Strike
0-1: Ball
1-1: Foul Ball, location: 2F
1-2: Ball
2-2: Ground out 1-3 (Groundball, 13S, EV 71.9 MPH)
Batting: LHB Ben Rubenacker 0-0: Ball
1-0: Ball
2-0: Foul Ball, location: 2F
2-1: Ball
3-1: Base on Balls
Batting: SHB Hans Mikkelsen 0-0: Called Strike
0-1: Ball
1-1: Called Strike
1-2: Ball
2-2: Strikes out swinging
Batting: RHB Eric Chotkowski 0-0: Ball
1-0: Ball
2-0: Foul Ball, location: 2F
2-1: Fielders Choice at 2nd, 6-4 (Groundball, 6D, EV 83.1 MPH)
Bottom of the 2nd over - 0 runs, 0 hits, 0 errors, 1 left on base; Los Angeles 0 - St. Louis 0
TOP OF THE 3RD
Los Angeles Dodgers batting - Pitching for St. Louis Cardinals : RHP Doug Nickey
Batting: RHB Wing-kit Bu 0-0: Called Strike
0-1: Ball
1-1: Swinging Strike
1-2: Ball
2-2: Strikes out swinging
Batting: RHB Nate Taylor 0-0: Swinging Strike
0-1: SINGLE (Flyball, 7LS, EV 85.6 MPH)
Batting: LHB Chris Ringwood 0-0: Ball
1-0: Ball
2-0: Called Strike
2-1: Foul Ball, location: 2F
2-2: Foul Ball, location: 2F
2-2: Grounds into double play, 6-4-3 (Groundball, 6, EV 106.2 MPH)
Top of the 3rd over - 0 runs, 1 hit, 0 errors, 0 left on base; Los Angeles 0 - St. Louis 0
BOTTOM OF THE 3RD
St. Louis Cardinals batting - Pitching for Los Angeles Dodgers : RHP Jon Harris
Batting: RHB Rick O'Reilly 0-0: Ball
1-0: Foul Ball, location: 2F
1-1: Fly out, F8 (Flyball, 8LS, EV 87.5 MPH)
Batting: RHB Dustin Clark 0-0: Fly out, F8 (Line Drive, 8RD, EV 84.4 MPH)
Batting: LHB Tom Butterbaugh 0-0: Foul Ball, location: 2F
0-1: Swinging Strike
0-2: Ball
1-2: Ball
2-2: Strikes out looking
Bottom of the 3rd over - 0 runs, 0 hits, 0 errors, 0 left on base; Los Angeles 0 - St. Louis 0
TOP OF THE 4TH
Los Angeles Dodgers batting - Pitching for St. Louis Cardinals : RHP Doug Nickey
Batting: LHB Lirak Bazhunaishvili 0-0: Called Strike
0-1: Ball
1-1: Ball
2-1: Ground out 5-3 (Groundball, 56S, EV 65.6 MPH)
Batting: SHB Joel Baker 0-0: Called Strike
0-1: Ball
1-1: DOUBLE (Line Drive, 5D, EV 98.1 MPH)
Batting: RHB Clay Buchanan 0-0: Ball
1-0: Ball
2-0: SINGLE (Groundball, 6MS, EV 73.8 MPH) (infield hit)
Joel Baker to third
Batting: RHB Danny Dyer 0-0: Called Strike
0-1: Ball
1-1: Ball
2-1: 3-RUN HOME RUN (Line Drive, 78XD, EV 115.6 MPH), Distance : 434 ft
Batting: RHB Tsutomu Irie 0-0: Ball
1-0: Ball
2-0: Ball
3-0: Called Strike
3-1: Base on Balls
Batting: RHB Ben Mischnick 0-0: Called Strike
0-1: Swinging Strike
0-2: Foul Ball, location: 2F
0-2: Ball
1-2: Foul Ball, location: 2F
1-2: Ball
2-2: Strikes out swinging
Batting: RHB Wing-kit Bu 0-0: Ball
1-0: Called Strike
1-1: Ball
2-1: Ball
Wild Pitch!
Tsutomu Irie to second
3-1: Swinging Strike
3-2: Base on Balls
Batting: RHB Nate Taylor 0-0: SINGLE (Groundball, 56D, EV 103.1 MPH)
Tsutomu Irie to third
Wing-kit Bu to second
Throwing error, E7
Tsutomu Irie scores
Wing-kit Bu to third
Nate Taylor to second
Batting: LHB Chris Ringwood 0-0: Fly out, F6 (Popup, 6MS, EV 55.6 MPH)
Top of the 4th over - 4 runs, 4 hits, 1 error, 2 left on base; Los Angeles 4 - St. Louis 0
BOTTOM OF THE 4TH
St. Louis Cardinals batting - Pitching for Los Angeles Dodgers : RHP Jon Harris
Batting: LHB Frank Hill 0-0: Ball
1-0: Ball
2-0: Ball
3-0: Base on Balls
Batting: SHB Antoine Roux 0-0: Called Strike
0-1: Called Strike
0-2: SINGLE (Line Drive, 8LS, EV 93.8 MPH)
Frank Hill to second
Batting: SHB Billy Durham 0-0: Swinging Strike
0-1: Swinging Strike
0-2: Ball
1-2: Strikes out looking
Batting: LHB Ben Rubenacker 0-0: Swinging Strike
0-1: Foul Ball, location: 2F
0-2: Foul Ball, location: 2F
0-2: Fielders Choice at 2nd, 3-6 (Groundball, 3, EV 86.2 MPH)
Frank Hill to third
Batting: SHB Hans Mikkelsen 0-0: Called Strike
0-1: Ground out U3 (Groundball, 3, EV 84.4 MPH)
Bottom of the 4th over - 0 runs, 1 hit, 0 errors, 2 left on base; Los Angeles 4 - St. Louis 0
TOP OF THE 5TH
Los Angeles Dodgers batting - Pitching for St. Louis Cardinals : RHP Doug Nickey
Batting: LHB Lirak Bazhunaishvili 0-0: Called Strike
0-1: Ball
1-1: Foul Ball, location: 2F
1-2: Foul Ball, location: 2F
1-2: Ball
2-2: Ball
3-2: Foul Ball, location: 2F
3-2: Base on Balls
Pitching: RHP Josh Ambrose
Batting: SHB Joel Baker 0-0: Called Strike
Lirak Bazhunaishvili steals 2nd base
0-1: 2-RUN HOME RUN (Flyball, 89XD, EV 110.0 MPH), Distance : 416 ft
Batting: RHB Clay Buchanan 0-0: Ground out 5-3 (Groundball, 56, EV 89.4 MPH)
Batting: RHB Danny Dyer 0-0: Ground out 5-3 (Groundball, 56S, EV 85.6 MPH)
Batting: RHB Tsutomu Irie 0-0: Fly out, F8 (Flyball, 8LS, EV 88.1 MPH)
Top of the 5th over - 2 runs, 1 hit, 0 errors, 0 left on base; Los Angeles 6 - St. Louis 0
BOTTOM OF THE 5TH
St. Louis Cardinals batting - Pitching for Los Angeles Dodgers : RHP Jon Harris
Batting: RHB Eric Chotkowski 0-0: Ball
1-0: Fly out, F2 (Popup, 13S, EV 76.2 MPH)
Batting: RHB Rick O'Reilly 0-0: Foul Ball, location: 2F
0-1: Ball
1-1: Called Strike
1-2: Ball
2-2: Foul Ball, location: 2F
2-2: Ball
3-2: Base on Balls
Batting: RHB Dustin Clark 0-0: SINGLE (Line Drive, 6MD, EV 106.2 MPH)
Rick O'Reilly to second
Batting: LHB Tom Butterbaugh 0-0: Called Strike
Rick O'Reilly steals 3rd base
Dustin Clark to second
0-1: Foul Ball, location: 2F
0-2: Strikes out swinging, 2-3 out at first.
Batting: LHB Frank Hill 0-0: Called Strike
0-1: Fly out, F9 (Flyball, 9LS, EV 73.1 MPH)
Bottom of the 5th over - 0 runs, 1 hit, 0 errors, 2 left on base; Los Angeles 6 - St. Louis 0
TOP OF THE 6TH
Los Angeles Dodgers batting - Pitching for St. Louis Cardinals : RHP Josh Ambrose
Batting: RHB Ben Mischnick 0-0: Ball
1-0: Swinging Strike
1-1: Called Strike
1-2: Strikes out swinging
Batting: RHB Wing-kit Bu 0-0: Called Strike
0-1: Ball
1-1: Called Strike
1-2: Strikes out swinging
Batting: RHB Nate Taylor 0-0: Called Strike
0-1: Ball
1-1: Ball
2-1: SINGLE (Line Drive, 4MD, EV 94.4 MPH)
Batting: LHB Chris Ringwood 0-0: Swinging Strike
0-1: Foul Ball, location: 2F
0-2: Strikes out swinging
Top of the 6th over - 0 runs, 1 hit, 0 errors, 1 left on base; Los Angeles 6 - St. Louis 0
BOTTOM OF THE 6TH
St. Louis Cardinals batting - Pitching for Los Angeles Dodgers : RHP Jon Harris
Batting: SHB Antoine Roux 0-0: Swinging Strike
0-1: Foul Ball, location: 2F
0-2: Ball
1-2: Ground out 4-3 (Groundball, 4, EV 99.4 MPH)
Batting: SHB Billy Durham 0-0: Ball
1-0: Ball
2-0: Called Strike
2-1: Ball
3-1: Called Strike
3-2: Base on Balls
Batting: LHB Ben Rubenacker 0-0: Swinging Strike
Pickoff Throw to First - Error! E1
Billy Durham to second
0-1: SINGLE (Groundball, 6D, EV 105.0 MPH)
Billy Durham to third
Runner from 3rd tries for Home, SAFE, throw by CF to home
Batting: SHB Hans Mikkelsen 0-0: Ball
1-0: Foul Ball, location: 2F
1-1: SINGLE (Line Drive, 56, EV 95.6 MPH)
Ben Rubenacker to second
Batting: RHB Eric Chotkowski 0-0: Ball
1-0: Foul Ball, location: 2F
1-1: Ball
2-1: Ball
3-1: Swinging Strike
3-2: Strikes out swinging
Pitching: RHP Miguel Arguello
Batting: RHB Rick O'Reilly 0-0: Fly out, F9 (Flyball, 9S, EV 91.2 MPH)
Bottom of the 6th over - 1 run, 2 hits, 1 error, 2 left on base; Los Angeles 6 - St. Louis 1
TOP OF THE 7TH
Los Angeles Dodgers batting - Pitching for St. Louis Cardinals : RHP Josh Ambrose
Pitching: LHP Paul Gill
Batting: LHB Lirak Bazhunaishvili 0-0: SINGLE (Line Drive, 9S, EV 93.1 MPH)
Batting: SHB Joel Baker 0-0: SINGLE (Groundball, 6MD, EV 106.2 MPH)
Lirak Bazhunaishvili to second
Runner from 2nd tries for 3rd, SAFE, throw by CF made to third
Batting: RHB Clay Buchanan 0-0: Fly out, F8 (Flyball, 8LXD, EV 91.2 MPH)
Runner from 3rd tags up, SCORES, no throw by CF
Batting: RHB Danny Dyer 0-0: Ball
Joel Baker steals 2nd base
1-0: Ground out 2-3 (Groundball, 15S, EV 63.1 MPH)
Joel Baker to third
Batting: RHB Tsutomu Irie 0-0: Called Strike
0-1: SINGLE (Groundball, 4MD, EV 98.1 MPH)
Joel Baker scores
Pinch Hitting: RHB Edwin Soto 0-0: Called Strike
0-1: DOUBLE (Line Drive, 5D, EV 95.6 MPH)
Tsutomu Irie to third
Batting: RHB Wing-kit Bu 0-0: Called Strike
0-1: Ground out 4-3 (Groundball, 34, EV 108.1 MPH)
Top of the 7th over - 2 runs, 4 hits, 0 errors, 2 left on base; Los Angeles 8 - St. Louis 1
BOTTOM OF THE 7TH
St. Louis Cardinals batting - Pitching for Los Angeles Dodgers : RHP Miguel Arguello
Now at C: Edwin Soto
Now at 3B: Nate Taylor
Now at SS: Clay Buchanan
Batting: RHB Dustin Clark 0-0: Ball
1-0: Called Strike
1-1: Foul Ball, location: 2F
1-2: Fly out, F8 (Line Drive, 8LD, EV 90.0 MPH)
Batting: LHB Tom Butterbaugh 0-0: Ball
1-0: Called Strike
1-1: Ball
2-1: Foul Ball, location: 2F
2-2: Foul Ball, location: 2F
2-2: Strikes out swinging
Batting: LHB Frank Hill 0-0: Called Strike
0-1: Foul Ball, location: 2F
0-2: Ground out 6-3 (Groundball, 6, EV 86.9 MPH)
Bottom of the 7th over - 0 runs, 0 hits, 0 errors, 0 left on base; Los Angeles 8 - St. Louis 1
TOP OF THE 8TH
Los Angeles Dodgers batting - Pitching for St. Louis Cardinals : LHP Paul Gill
Batting: RHB Nate Taylor 0-0: Ball
1-0: Ball
2-0: Ball
3-0: Foul Ball, location: 2F
3-1: Base on Balls
Batting: LHB Chris Ringwood 0-0: Ball
1-0: Ball
2-0: Foul Ball, location: 2F
2-1: Ball
Nate Taylor steals 2nd base (no throw)
3-1: Ground out 4-3 (Groundball, 4, EV 105.6 MPH)
Nate Taylor to third
Batting: LHB Lirak Bazhunaishvili 0-0: Foul Ball, location: 2F
0-1: Ball
1-1: Ball
2-1: Swinging Strike
2-2: Ball
3-2: Foul Ball, location: 2F
3-2: Foul Ball, location: 2F
3-2: SINGLE (Flyball, 9S, EV 95.0 MPH)
Nate Taylor scores
Pitching: LHP Tommy McCusker
Batting: SHB Joel Baker 0-0: Fly out, F6 (Flyball, 6D, EV 85.0 MPH)
Batting: RHB Clay Buchanan 0-0: Ball
1-0: Ball
2-0: Fielders Choice at 2nd, 6-4 (Groundball, 6, EV 101.2 MPH)
Top of the 8th over - 1 run, 1 hit, 0 errors, 1 left on base; Los Angeles 9 - St. Louis 1
BOTTOM OF THE 8TH
St. Louis Cardinals batting - Pitching for Los Angeles Dodgers : RHP Miguel Arguello
Pinch Hitting: SHB Luke Robbins 0-0: Ball
1-0: SINGLE (Groundball, 34D, EV 100.6 MPH)
Batting: SHB Billy Durham 0-0: Ball
1-0: SINGLE (Groundball, 34S, EV 70.6 MPH) (infield hit)
Luke Robbins to second
Pinch Hitting: RHB Chad Steffee 0-0: Swinging Strike
0-1: Ball
1-1: Ball
2-1: Foul Ball, location: 2F
2-2: Strikes out swinging
Batting: SHB Hans Mikkelsen 0-0: Ball
1-0: Ball
2-0: Called Strike
2-1: Ball
3-1: Base on Balls
Luke Robbins to third
Billy Durham to second
Batting: RHB Eric Chotkowski 0-0: Foul Ball, location: 2F
0-1: Called Strike
0-2: Ball
1-2: Strikes out swinging
Batting: RHB Rick O'Reilly 0-0: Ball
1-0: Called Strike
1-1: Swinging Strike
1-2: Foul Ball, location: 2F
1-2: Strikes out swinging
Bottom of the 8th over - 0 runs, 2 hits, 0 errors, 3 left on base; Los Angeles 9 - St. Louis 1
TOP OF THE 9TH
Los Angeles Dodgers batting - Pitching for St. Louis Cardinals : LHP Tommy McCusker
Now at 1B: Sergio Godinez
Now at 2B: Luke Robbins
Pinch Hitting: RHB John Manocchio 0-0: Ball
1-0: Called Strike
1-1: Ball
2-1: Ball
3-1: Base on Balls
Batting: RHB Tsutomu Irie 0-0: Called Strike
0-1: Fly out, F3 (Line Drive, 3, EV 70.6 MPH)
Batting: RHB Edwin Soto 0-0: Called Strike
0-1: Called Strike
0-2: Fly out, F4 (Line Drive, 4, EV 63.1 MPH)
Batting: RHB Wing-kit Bu 0-0: Ball
1-0: Called Strike
1-1: Ball
2-1: SINGLE (Line Drive, 9S, EV 108.8 MPH)
John Manocchio to second
Batting: RHB Nate Taylor 0-0: Ball
1-0: Foul Ball, location: 2F
1-1: Ball
2-1: Ball
3-1: Fly out, F7 (Line Drive, 7, EV 91.9 MPH)
Top of the 9th over - 0 runs, 1 hit, 0 errors, 2 left on base; Los Angeles 9 - St. Louis 1
BOTTOM OF THE 9TH
St. Louis Cardinals batting - Pitching for Los Angeles Dodgers : RHP Miguel Arguello
Now at 1B: John Manocchio
Batting: RHB Dustin Clark 0-0: Called Strike
0-1: Ball
1-1: Swinging Strike
1-2: Ball
2-2: Foul Ball, location: 2F
2-2: Foul Ball, location: 2F
2-2: Strikes out looking
Batting: LHB Tom Butterbaugh 0-0: Ball
1-0: Foul Ball, location: 2F
1-1: Ball
2-1: Ground out 6-3 (Groundball, 6S, EV 83.8 MPH)
Batting: LHB Frank Hill 0-0: Called Strike
0-1: Fly out, F7 (Flyball, 7LD, EV 83.1 MPH)
Bottom of the 9th over - 0 runs, 0 hits, 0 errors, 0 left on base; Los Angeles 9 - St. Louis 1
Wednesday, June 22nd , 2022 - OOTP Baseball 23.4 Build 64